 Dungeon Crawl Stone Soup version 0.30-a0-591-g3c58d2bc28 (webtiles) character file.

Game seed: 6746111679627384687

67 purpskrrrp the Shooter (level 4, -1/35 HPs)
             Began as a Barachi Hunter on Jan 5, 2023.
             Slain by a gnoll
             ... wielding a +0 halberd
              (9 damage)
             ... on level 2 of the Dungeon.
             The game lasted 00:02:18 (1531 turns).

purpskrrrp the Shooter (Barachi Hunter)             Turns: 1531, Time: 00:02:19

Health: -1/35      AC:  3    Str: 12    XL:     4   Next: 18%
Magic:  4/4        EV: 12    Int: 10    God:
Gold:   36         SH:  0    Dex: 17    Spells: 3/3 levels left

rFire   . . .      SeeInvis .    a - +0 shortbow
rCold   . . .      Faith    .    (shield currently unavailable)
rNeg    . . .      Spirit   .    c - +0 leather armour
rPois   .          Reflect  .    (no helmet)
rElec   .          Harm     .    (no cloak)
rCorr   .          Rampage  .    (no gloves)
Will    .....                    (no boots)
Stlth   ++                       (no amulet)
HPRegen 0.25/turn                (no ring)
MPRegen 0.09/turn                (no ring)

@: slow
A: amphibious, slowness 1, strong legs 1, +LOS
a: Hop


You were on level 2 of the Dungeon.
You visited 1 branch of the dungeon, and saw 2 of its levels.

You collected 36 gold pieces.

Inventory:

Hand Weapons
 a - a +0 shortbow (weapon)
Armour
 c - a +0 leather armour (worn)
Scrolls
 b - a scroll of immolation
 f - a scroll of torment
Potions
 e - 2 potions of cancellation
 g - a potion of resistance {unknown}
 h - a potion of curing {unknown}
 i - a potion of attraction


   Skills:
 + Level 3.2 Fighting
 * Level 4.5 Ranged Weapons
 + Level 0.6 Armour
 + Level 3.0 Dodging
 - Level 1.7 Stealth


You had 3 spell levels left.
You didn't know any spells.
Your spell library contained the following spells:

 Spells                   Type           Power      Damage    Failure   Level
 Manifold Assault         Tloc           0%         N/A       99%         4
 Dispersal                Tloc           0%         N/A       100%        6
 Disjunction              Tloc           0%         N/A       100%        8


Dungeon Overview and Level Annotations

Branches:
Dungeon (2/15)

Altars:

Shops:
D:1 (


Innate Abilities, Weirdness & Mutations

You are amphibious.
You cover ground slowly.
You can hop short distances.
You have an extended range of vision and can be seen from far away.


Message History

You shoot an arrow. The arrow closely misses the gnoll.
You shoot an arrow. The arrow hits the gnoll!
You kill the gnoll!
Your Dodging skill increases to level 3!
You shoot an arrow.
The arrow hits the gnoll but does no damage.
The gnoll hits you from afar with a +0 halberd!
You shoot an arrow. The arrow closely misses the gnoll.
The gnoll hits you from afar with a +0 halberd!
You are too injured to fight recklessly!
You are too injured to fight recklessly!
You are too injured to fight recklessly!
You are too injured to fight recklessly!
You are too injured to fight recklessly!
The gnoll hits you from afar with a +0 halberd!
* * * LOW HITPOINT WARNING * * *
You feel much better. The gnoll closely misses you. x2
The gnoll hits you from afar with a +0 halberd.
The gnoll hits you with a +0 whip.
Hop to where?
Press: ? - help, Q - select action, (/) - cycle Dir - move target, f/p - gnoll
Aim: a gnoll, wielding a +0 flail
Okay, then.
Fire: a) +0 shortbow
Press: ? - help, Shift-Dir - straight line, f/p - gnoll
Aim: a gnoll, wielding a +0 flail (66% to hit)
You shoot an arrow. The arrow closely misses the gnoll.
The arrow barely misses the gnoll.
The arrow hits the gnoll but does no damage.
The gnoll hits you with a +0 whip!
* * * LOW HITPOINT WARNING * * *
The gnoll closely misses you.
Fire: a) +0 shortbow
Press: ? - help, Shift-Dir - straight line, f/p - gnoll
Aim: a gnoll, wielding a +0 flail (66% to hit)
You shoot an arrow. The arrow hits the gnoll.
The gnoll is heavily wounded.
The gnoll hits you but does no damage.
The gnoll hits you from afar with a +0 halberd!
You die...

#.# #.............+
###.#########.#.......$.#
#....†........#.........#
#.#.............#########
#.#############.# #.# #g#
#.# #g# #.# #g# #.# #@#
#.# #.# #.# #.# #.# #.#
#.# #.# #.# #.# #.# #.#
#.#############.#
#.............(.#


You could see 3 gnolls.

Vanquished Creatures
  2 gnolls
  A worm (D:2)
  2 dart slugs (D:1)
  An orc (D:2)
  4 bats (D:2)
  5 hobgoblins
  4 jackals (D:1)
  5 kobolds (D:1)
  4 quokkas
  5 ball pythons (D:1)
  A frilled lizard (D:1)
  3 rats
37 creatures vanquished.

Notes
Turn   | Place    | Note
-------+----------+-------------------------------------------
     0 | D:1      | purpskrrrp the Barachi Hunter began the quest for the Orb.
     0 | D:1      | Reached XP level 1. HP: 17/17 MP: 1/1
    35 | D:1      | Reached skill level 1 in Stealth
   125 | D:1      | Found Toteum's Antique Weapon Shoppe.
   262 | D:1      | Reached XP level 2. HP: 22/23 MP: 2/2
   497 | D:1      | Reached XP level 3. HP: 28/28 MP: 3/3
  1467 | D:2      | Reached XP level 4. HP: 35/35 MP: 4/4
  1531 | D:2      | Slain by a gnoll

Illustrated notes

Levels and vault maps discovered:
D:1:      enne_arrival_octagon_isle, layout_loops_ring, serial_shops,
          nicolae_shop_hallway_stairs, nrook_campfire
D:2:      layout_basic

Skill      XL: |  1  2  3  4 |
---------------+-------------+-----
Stealth        | 1 |  1.7
Fighting       | 3 |  3.2
Dodging        | 3 |  3.0
Ranged Weapons | |  4.5
Armour         | |  0.6

Action                   |  1- 3 |  4- 6 || total
-------------------------+-------+-------++-------
 Fire: Shortbow          |   114 |    10 ||   124
  Use: Scroll            |     6 |       ||     6
       Potion            |       |     1 ||     1
Armor: Leather armour    |    17 |     1 ||    18
Dodge: Dodged            |    38 |     3 ||    41

Table legend: (Time is in decaauts)
 A = Elapsed time spent in this place.
 B = Non-inter-level travel time spent in this place.
 C = Inter-level travel time spent in this place.
 D = Time resting spent in this place.
 E = Time spent auto-exploring this place.
 F = Levels seen in this place.
 G = Mean time per level.
                   A        B        C        D        E       F      G
               +--------+--------+--------+--------+--------+-----+--------+
         Total |   1779 |   1735 |     44 |    248 |   1235 |   2 |  889.5 |
       Dungeon |   1779 |   1735 |     44 |    248 |   1235 |   2 |  889.5 |
               +--------+--------+--------+--------+--------+-----+--------+

Top non-repeatable levels by time:
     D:1: 1284 daAuts
     D:2: 495 daAuts
